 Dungeon Crawl Stone Soup version 0.29-a0-887-gcbe080d7e0 (webtiles) character file.

Game seed: 795901310584055678

3 mcwallace the Charlatan (level 1, -1/15 HPs)
             Began as a Demonspawn Artificer on July 21, 2022.
             Slain by a hobgoblin (4 damage)
             ... on level 1 of the Dungeon.
             The game lasted 00:00:36 (223 turns).

mcwallace the Charlatan (Demonspawn Artificer)       Turns: 223, Time: 00:00:37

Health: -1/15      AC:  3    Str: 12    XL:     1   Next: 41%
Magic:  1/1        EV: 11    Int: 12    God:
Gold:   0          SH:  0    Dex: 13    Spells: 0/0 levels left

rFire   . . .      SeeInvis .   g - +0 dagger {short}
rCold   . . .      Faith    .   (no shield)
rNeg    . . .      Spirit   .   b - +0 leather armour
rPois   .          Reflect  .   (no helmet)
rElec   .          Harm     .   (no cloak)
rCorr   .          Rampage  .   (no gloves)
Will    .....                   (no boots)
Stlth   +.........              f - amulet of the acrobat
HPRegen 0.05/turn               (no ring)
MPRegen 0.07/turn               (no ring)

@: no status effects
A: no striking features
a: no special abilities


You were on level 1 of the Dungeon.
You visited 1 branch of the dungeon, and saw 1 of its levels.


   Skills:
 + Level 1.1 Fighting
 + Level 1.8 Armour
 + Level 1.0 Dodging
 - Level 0.8 Stealth
 + Level 0.1 Spellcasting
 + Level 3.0 Evocations


You couldn't memorise any spells.
You didn't know any spells.
Your spell library was empty.

Inventory:

Hand Weapons
 a - a +0 club {mace}
 g - a +0 dagger (weapon) {short}
   (You took it off a goblin on level 1 of the Dungeon)
Armour
 b - a +0 leather armour (worn)
Jewellery
 f - an amulet of the acrobat (around neck)
   (You found it on level 1 of the Dungeon)
Wands
 c - a wand of flame (15) (quivered)
 d - a wand of charming (15)
 e - a wand of iceblast (9)

Dungeon Overview and Level Annotations

Branches:
Dungeon (1/15) Zot: 5773

Altars:

.#####
#..# ##
####..# #
#.....#
#.#...#
#...#.#
##.##.#
#.##.#
#.##.#
#.##@#
#.##g#
#.##r#
##.##g#
#.....#
#..####
#..#
.........#
.........#


You could see 2 hobgoblins and a rat.


Message History

The goblin shouts!
You barely miss the rat. The rat barely misses you.
You closely miss the rat. The rat bites you. 😕 HP[-2]
You take 2 damage, and now have 13/15 hp.
You closely miss the rat. The rat bites you. 😮 HP[-2]
You take 2 damage, and now have 11/15 hp.
You are too injured to fight recklessly!
You are too injured to fight recklessly!
You are too injured to fight recklessly!
You hit the rat but do no damage. The rat closely misses you.
The rat barely misses you.
You hit the rat but do no damage. The goblin hits you with a +0 dagger.
The rat barely misses you. 😮 HP[-2]
You take 2 damage, and now have 9/15 hp.
The rat attacks as you move away! The rat misses you.
The goblin attacks as you move away! The goblin closely misses you.
You barely miss the goblin. The goblin barely misses you.
You hit the goblin.
You kill the goblin!
The rat closely misses you.
You closely miss the rat. The rat misses you.
You completely miss the rat. The rat bites you but does no damage.
You hit the rat.
You kill the rat!
Things that are here:
a +0 dagger {short}; a rat corpse; a goblin corpse
g - a +0 dagger {short}
g - a +0 dagger (weapon)
{short} A ball python comes into view.
The ball python hisses angrily. 😎 HP[+6]
Your hp is fully restored (15).
The ball python completely misses you. The ball python closely misses you.
You hit the ball python.
The ball python bites you but does no damage.
The ball python grabs you. The ball python constricts you.
The ball python bites you but does no damage.
The ball python constricts you.
You completely miss the ball python. The ball python barely misses you.
The ball python constricts you. 😕 HP[-1]
You take 1 damage, and now have 14/15 hp.
You hit the ball python.
You kill the ball python!
Your Dodging skill increases to level 1!
No target in view!
No target in view!
A rat comes into view. 😎 HP[+1]
Your hp is fully restored (15).
A rat is nearby!
A hobgoblin and a kobold come into view.
A hobgoblin and a rat come into view.
The hobgoblin shouts!
The rat attacks as you move away! The rat bites you. 😕 HP[-3]
You take 3 damage, and now have 12/15 hp.
The rat attacks as you move away! The rat completely misses you.
You barely miss the rat. The rat bites you but does no damage.
You barely miss the rat. The rat bites you. 😮 HP[-2]
You take 2 damage, and now have 10/15 hp.
You closely miss the rat. The rat bites you but does no damage.
You closely miss the rat. The rat bites you.
* * * LOW HITPOINT WARNING * * *
😨 HP[-3]
You take 3 damage, and now have 7/15 hp.
You closely miss the rat. The rat bites you but does no damage.
You barely miss the rat. The rat bites you.
* * * LOW HITPOINT WARNING * * *
😨 HP[-1]
You take 1 damage, and now have 6/15 hp.
You hit the rat.
You kill the rat!
You closely miss the hobgoblin. The hobgoblin misses you.
You closely miss the hobgoblin.
The rat twitches its whiskers.
The hobgoblin completely misses you.
You closely miss the hobgoblin. The hobgoblin hits you.
* * * LOW HITPOINT WARNING * * *
😨 HP[-1]
You take 1 damage, and now have 5/15 hp.
You barely miss the hobgoblin.
The hobgoblin closely misses you. 😨 HP[+1]
You closely miss the hobgoblin. The hobgoblin misses you.
You hit the hobgoblin. The hobgoblin barely misses you.
You hit the hobgoblin but do no damage.
The hobgoblin hits you but does no damage.
You hit the hobgoblin.
The hobgoblin hits you but does no damage.
You barely miss the hobgoblin. The hobgoblin hits you.
* * * LOW HITPOINT WARNING * * *
😱 HP[-3]
You take 3 damage, and now have 3/15 hp.
You closely miss the hobgoblin. The hobgoblin hits you.
You die...

Skill      XL: |  1 |
---------------+----+-----
Dodging        | 1 |  1.0
Fighting       | |  1.1
Armour         | |  1.8
Stealth        | |  0.8
Spellcasting   | |  0.1
Evocations     | |  3.0

Action                   || total
-------------------------++-------
Melee: Dagger            ||    20
       Club              ||    10
Armor: Leather armour    ||     8
Dodge: Dodged            ||    18

Levels and vault maps discovered:
D:1:      enne_arrival_octagon_isle, layout_loops_ring,
          shapermc_ecumenical_altar_mp_vishouse, minivault_24

Notes
Turn   | Place    | Note
-------+----------+-------------------------------------------
     0 | D:1      | mcwallace the Demonspawn Artificer began the quest for the
                  | Orb.
     0 | D:1      | Reached XP level 1. HP: 15/15 MP: 1/1
     0 | D:1      | magus.rc [v1.9.6]
   171 | D:1      | Reached skill level 1 in Dodging
   222 | D:1      | HP: 3/15 [hobgoblin (3)]
   223 | D:1      | Slain by a hobgoblin

Vanquished Creatures
  A goblin (D:1)
  A ball python (D:1)
  2 rats (D:1)
4 creatures vanquished.

Table legend:
 A = Non-vault XP
 B = Vault XP
 C = Vault XP percentage of total XP
 D = Non-vault monster count
 E = Vault monster count
 F = Vault count percentage of total count
                 A         B        C        D         E       F
            +---------+---------+-------+---------+---------+-------
      Total |       5 |       0 |   0.0 |       4 |       0 |   0.0
            +---------+---------+-------+---------+---------+-------
        D:1 |       5 |       0 |   0.0 |       4 |       0 |   0.0
            +---------+---------+-------+---------+---------+-------

Illustrated notes

Table legend:
 A = Kills in this place as a percentage of kills in entire the game.
 B = Kills by you in this place as a percentage of kills by you in the entire game.
 C = Kills by friends in this place as a percentage of kills by friends in the entire game.
 D = Other kills in this place as a percentage of other kills in the entire game.
 E = Experience gained in this place as a percentage of experience gained in the entire game.
 F = Experience gained in this place divided by the number of levels of this place that you have seen.
                   A       B       C       D       E      F
               +-------+-------+-------+-------+-------+----------------------
         Total | 100.0 | 100.0 |   N/A |   N/A | 100.0 |   5.0
       Dungeon | 100.0 | 100.0 |   N/A |   N/A | 100.0 |   5.0
               +-------+-------+-------+-------+-------+----------------------

Table legend: (Time is in decaauts)
 A = Elapsed time spent in this place.
 B = Non-inter-level travel time spent in this place.
 C = Inter-level travel time spent in this place.
 D = Time resting spent in this place.
 E = Time spent auto-exploring this place.
 F = Levels seen in this place.
 G = Mean time per level.
                   A        B        C        D        E       F      G
               +--------+--------+--------+--------+--------+-----+--------+
         Total |    225 |    225 |      0 |      0 |    161 |   1 |  225.0 |
       Dungeon |    225 |    225 |      0 |      0 |    161 |   1 |  225.0 |
               +--------+--------+--------+--------+--------+-----+--------+

Top non-repeatable levels by time:
     D:1: 225 daAuts
